 Dungeon Crawl Stone Soup version 0.24-a0-176-gc3651c4 (webtiles) character file.

Game seed: 8053293710552564821

566 Lanoc the Chopper (level 7, -8/47 HPs)
             Began as a Demonspawn Gladiator on Mar 12, 2019.
             Was a Priest of Uskayaw.
             Killed by nerve-wracking pain
             ... invoked by an orc priest
              (12 damage)
             ... on level 5 of the Dungeon on Mar 13, 2019.
             The game lasted 00:08:22 (3573 turns).

Lanoc the Chopper (Demonspawn Gladiator)            Turns: 3573, Time: 00:08:23

Health: -8/47      AC:  4    Str: 14    XL:     7   Next: 10%
Magic:  7/7        EV: 20    Int:  9    God:    Uskayaw [***...]
Gold:   238        SH:  6    Dex: 22    Spells: 6/6 levels left

rFire    . . .     SeeInvis .   a - +0 war axe
rCold    . . .     Gourm    .   (no shield)
rNeg     . . .     Faith    .   b - +0 leather armour
rPois    .         Spirit   .   c - +0 helmet
rElec    .         Reflect  .   (no cloak)
rCorr    .         Harm     .   (no gloves)
MR       .....                  (no boots)
Stlth    ++++......             (no amulet)
HPRegen  0.55/turn              (no ring)
MPRegen  0.10/turn              (no ring)

@: agile
A: reduced essence, claws 1, large bone plates 2, camouflage 1, demonic guardian
2, powered by pain 1, regeneration 1
a: Stomp, Line Pass, Renounce Religion


You were on level 5 of the Dungeon.
You worshipped Uskayaw.
Uskayaw was noncommittal.
You were not hungry.

You visited 2 branches of the dungeon, and saw 6 of its levels.

You collected 238 gold pieces.

Inventory:

Hand Weapons
 a - a +0 war axe (weapon)
Missiles
 d - 3 throwing nets (quivered)
Armour
 b - a +0 leather armour (worn)
 c - a +0 helmet (worn)
Wands
 q - a wand of iceblast (8)
Scrolls
 e - a scroll of remove curse
 h - a scroll of blinking
 j - a scroll of amnesia
 k - 2 scrolls of random uselessness {unknown}
 l - a scroll of fear
 o - a scroll of immolation
 p - a scroll of fog
Potions
 g - 2 potions of lignification
 m - a potion of agility
 n - a potion of invisibility
Comestibles
 f - 9 rations
 i - 13 chunks of flesh


   Skills:
 + Level 3.9 Fighting
 * Level 5.0 Axes
 - Level 1.7 Throwing
 + Level 2.8 Armour
 + Level 4.1 Dodging
 + Level 0.0 Invocations


You had 6 spell levels left.
You didn't know any spells.
Your spell library was empty.

Dungeon Overview and Level Annotations

Branches:
Dungeon (5/15)             Temple (1/1) D:4

Altars:
Ashenzari
Cheibriados
Dithmenos
Elyvilon
Fedhas
Gozag
Hepliaklqana
Kikubaaqudgha
Makhleb
Nemelex Xobeh
Okawaru
Qazlal
Ru
Sif Muna
Trog
Uskayaw
Vehumet
Wu Jian
Xom
Yredelemnul
Zin
The Shining One


Innate Abilities, Weirdness & Mutations

You have sharp fingernails.
You are mostly covered in large bone plates. (SH +6)
A demonic guardian rushes to your aid.
You sometimes gain a little power by taking damage.
Your life essence is reduced to manifest your ancestor. (-10% HP)
Your skin changes colour to match your surroundings (Stealth+).
Your natural rate of healing is unusually fast.


Message History

You hit the orc priest.
The orc priest is severely wounded.
The orc priest is no longer paralysed. x2
The orc priest hits you with a +0 falchion!
The orc priest mumbles some strange prayers to Beogh against you.
Beogh smites you!
* * * LOW HITPOINT WARNING * * *
You focus on the pain.
You feel agile all of a sudden.
You swap places.
Your soul eater disappears in a puff of smoke!
The orc priest begins to cast a cantrip, but forgets the words!
The orc priest mumbles some strange prayers to Beogh against you.
You struggle to resist.
The orc priest calls down the wrath of Beogh upon you.
Beogh smites you!
* * * LOW HITPOINT WARNING * * *
The orc priest mumbles some strange prayers to Beogh against you.
Pain shoots through your body!
You die...

##.##....#.# #.#.# #.#.#
.#.##....#.# #.#.# #.#.#
.#.##...<#.# #.#.###.#.#
.#.##....#.###.#...#.#.#
........>......<.#.#.#.#
.#.##.#..#.###.#.#[#.#.#
.#.##.#..#.#...#.#.#.#.#
.#.##.#..#.#...#.#.#.#.#
#.))#.#..#.###.#@#.#.#.#
..#.[.####.....#.#.#.#.#####
.###........####.#.#......<#
..#....####.# #o#.###.#####
#......# #.# #)#.....#
##.....# #.# #o#######
#...#### #.# #.# ..#..# #.#
#o# .###.# #.# #.#


You could see 2 orc priests and an orc wizard.

Vanquished Creatures
  Edmund (D:4)
  A sky beast (D:5)
  5 orc priests
  2 orc wizards (D:5)
  Jessica (D:2)
  A worker ant (D:4)
  A hound zombie (D:5)
  A gnoll (D:1)
  4 adders
  An ooze (D:2)
  2 adder skeletons
  3 worms
  A dart slug (D:1)
  2 leopard geckos
  15 orcs
  4 bats
  A giant cockroach (D:2)
  10 goblins
  6 hobgoblins
  14 jackals
  6 kobolds
  A quokka (D:3)
  A frilled lizard (D:1)
  8 rats
92 creatures vanquished.

Vanquished Creatures (collateral kills)
  Grinder (D:3)
  A worker ant (D:4)
  2 adders
  A worm (D:3)
  7 orcs
  2 bats
  2 giant cockroaches
  2 goblins
  A hobgoblin (D:2)
  A frilled lizard (D:4)
  2 kobolds
22 creatures vanquished.

Vanquished Creatures (others)
  An ancestor (D:3)
1 creature vanquished.

Grand Total: 115 creatures vanquished

Notes
Turn   | Place    | Note
-------+----------+-------------------------------------------
     0 | D:1      | Lanoc the Demonspawn Gladiator began the quest for the Orb.
     0 | D:1      | Reached XP level 1. HP: 16/16 MP: 1/1
    40 | D:1      | Gained mutation: A weak demonic guardian rushes to your
                  | aid. [demonic ancestry]
    40 | D:1      | Reached XP level 2. HP: 11/22 MP: 2/2
   269 | D:1      | Reached skill level 3 in Axes
   328 | D:1      | Reached skill level 1 in Armour
   329 | D:1      | Gained mutation: You are partially covered in large bone
                  | plates. (SH +4) [demonic ancestry]
   329 | D:1      | Reached XP level 3. HP: 20/28 MP: 3/3
   966 | D:2      | Noticed Jessica
   982 | D:2      | Killed Jessica
   982 | D:2      | Gained mutation: You sometimes gain a little power by
                  | taking damage. [demonic ancestry]
   982 | D:2      | Reached XP level 4. HP: 10/34 MP: 4/4
  1404 | D:2      | Found an ancient bone altar of Kikubaaqudgha.
  1931 | D:2      | Found a glowing silver altar of Zin.
  1931 | D:2      | Found a bloodstained altar of Trog.
  1938 | D:2      | Found a faded altar of an unknown god.
  1941 | D:2      | Found a stormy altar of Qazlal.
  1942 | D:2      | Found a shattered altar of Ashenzari.
  1956 | D:2      | Became a worshipper of Hepliaklqana the Forgotten
  1956 | D:2      | Reached * piety under Hepliaklqana
  2139 | D:3      | Gained mutation: Your natural rate of healing is unusually
                  | fast. [potion of mutation]
  2139 | D:3      | Gained mutation: Your skin changes colour to match your
                  | surroundings (Stealth+). [potion of mutation]
  2385 | D:3      | Gained mutation: You have sharp fingernails. [demonic
                  | ancestry]
  2385 | D:3      | Reached XP level 5. HP: 36/36 MP: 5/5
  2391 | D:3      | Noticed Grinder
  2403 | D:3      | Killed Grinder
  2403 | D:3      | Reached skill level 4 in Axes
  2403 | D:3      | Gained mutation: A demonic guardian rushes to your aid.
                  | [demonic ancestry]
  2403 | D:3      | Reached XP level 6. HP: 35/42 MP: 6/6
  2752 | D:4      | Noticed Edmund
  2761 | D:4      | Killed Edmund
  2782 | D:4      | Reached ** piety under Hepliaklqana
  2783 | D:4      | Remembered your ancestor Sextus as a battlemage
  2811 | D:4      | Gained mutation: You are mostly covered in large bone
                  | plates. (SH +6) [demonic ancestry]
  2811 | D:4      | Reached XP level 7. HP: 7/47 MP: 7/7
  2914 | D:4      | Reached skill level 5 in Axes
  2966 | D:4      | Found a staircase to the Ecumenical Temple.
  3003 | Temple   | Entered the Ecumenical Temple
  3073 | Temple   | Fell from the grace of Hepliaklqana
  3073 | Temple   | Became a worshipper of Uskayaw the Reveler
  3112 | D:4      | Reached * piety under Uskayaw
  3115 | D:4      | Reached ** piety under Uskayaw
  3121 | D:4      | Reached *** piety under Uskayaw
  3325 | D:5      | Entered Level 5 of the Dungeon
  3573 | D:5      | Killed from afar by an orc priest

Levels and vault maps discovered:
D:1:      eino_arrival_druids_welcome, layout_rooms, minmay_box_of_dots
D:2:      layout_loops_ring, chequers_temple_overflow_minitemple, first_ration,
          lemuel_altar_in_water, uniq_jessica
D:3:      layout_loops_cross, minmay_fractal_squares_diagonal_5, uniq_terence,
          uniq_grinder
D:4:      layout_cave_pools, minmay_temple_entry_proselytizer, uniq_edmund
D:5:      layout_basic, minmay_strange_pillars
Temple:   regret_index_temple_mists

Skill      XL: |  1  2  3  4  5  6  7 |
---------------+----------------------+-----
Axes           | 3 4 5 |  5.0
Dodging        | 3 4 |  4.1
Armour         | 1 2 |  2.8
Fighting       | 3 |  3.9
Throwing       | |  1.7

Action                   |  1- 3 |  4- 6 |  7- 9 || total
-------------------------+-------+-------+-------++-------
Melee: War axe           |   100 |   128 |    70 ||   298
Invok: Ancestor Life: Ba |       |     1 |       ||     1
  Use: Potion            |     1 |     3 |       ||     4
       Scroll            |       |       |     8 ||     8
 Stab: Sleeping          |     1 |     2 |     2 ||     5
       Distracted        |       |     2 |     1 ||     3
       Paralysed         |       |       |     3 ||     3
  Eat: Chunk             |       |     6 |     3 ||     9
Armor: Leather armour    |    35 |    31 |    16 ||    82
Dodge: Dodged            |    81 |    77 |    53 ||   211
Block: Other             |    16 |    32 |    29 ||    77

Table legend:
 A = Non-vault XP
 B = Vault XP
 C = Vault XP percentage of total XP
 D = Non-vault monster count
 E = Vault monster count
 F = Vault count percentage of total count
                 A         B        C        D         E       F
            +---------+---------+-------+---------+---------+-------
      Total |     389 |     420 |  51.9 |     103 |      11 |   9.6
            +---------+---------+-------+---------+---------+-------
        D:1 |      50 |       6 |  10.7 |      24 |       3 |  11.1
        D:2 |      65 |      25 |  27.8 |      21 |       1 |   4.5
        D:3 |      61 |     255 |  80.7 |      16 |       5 |  23.8
        D:4 |     213 |     134 |  38.6 |      29 |       2 |   6.5
        D:5 |       0 |       0 |   N/A |      13 |       0 |   0.0
            +---------+---------+-------+---------+---------+-------
